 Dungeon Crawl Stone Soup version 0.29.0-4-gdea44cf6ec (webtiles) character file.

Game seed: 10876933326086905754

70 qw the Caller (level 4, -1/36 HPs)
             Began as a Ghoul Summoner on Sept 9, 2022.
             Slain by a worm (7 damage)
             ... on level 3 of the Dungeon.
             The game lasted 00:01:12 (2714 turns).

qw the Caller (Ghoul Summoner)                      Turns: 2714, Time: 00:01:13

Health: -1/36      AC: 10    Str: 13    XL:     4   Next: 22%
Magic:  5/5        EV:  3    Int: 10    God:
Gold:   111        SH:  0    Dex:  9    Spells: 5/6 levels left

rFire   . . .      SeeInvis .   Y - +0 spear
rCold   + . .      Faith    .   (no shield)
rNeg    + + +      Spirit   .   k - +0 plate armour
rPois   inf        Reflect  .   (no helmet)
rElec   .          Harm     .   (no cloak)
rCorr   .          Rampage  .   (no gloves)
Will    .....                   (no boots)
Stlth   ..........              (no amulet)
HPRegen 0.00/turn               (no ring)
MPRegen 0.09/turn               (no ring)

@: about to teleport, inhibited regen
A: claws 1, cold resistance 1, negative energy resistance 3, inhibited
regeneration, torment resistance 2, devour on kill
a: no special abilities


You were on level 3 of the Dungeon.
You visited 1 branch of the dungeon, and saw 3 of its levels.

You collected 111 gold pieces.


Innate Abilities, Weirdness & Mutations

You are immune to poison.
You have sharp fingernails.
Your flesh is cold resistant. (rC+)
You are immune to negative energy. (rN+++)
You do not regenerate when monsters are visible.
You are immune to unholy pain and torment.
You thrive by killing the living.


   Skills:
 - Level 2.1 Fighting
 + Level 2.1 Axes
 - Level 1.2 Armour
 - Level 1.7 Dodging
 - Level 2.1 Stealth
 - Level 1.7 Spellcasting
 - Level 3.6 Summonings


You had 5 spell levels left.
You knew the following spells:

 Your Spells              Type           Power      Damage    Failure   Level
a - Summon Small Mammal   Summ           32%        N/A       100%        1

Your spell library contained the following spells:

 Spells                   Type           Power      Damage    Failure   Level
 Call Imp                 Summ           8%         N/A       100%        2
 Call Canine Familiar     Summ           8%         N/A       100%        3
 Summon Guardian Golem    Hex/Summ       4%         N/A       100%        3
 Summon Lightning Spire   Summ/Air       4%         N/A       100%        4

Inventory:

Hand Weapons
 Y - a +0 spear (weapon)
Armour
 k - a +0 plate armour (worn)
Scrolls
 g - a scroll of identify
Potions
 d - a potion of attraction {unknown}
 j - a potion of curing
 l - a potion of mutation {unknown}
 n - a potion of invisibility {unknown}

Dungeon Overview and Level Annotations

Branches:
Dungeon (3/15)

Altars:


Message History

The orc hits you but does no damage. The worm bites you.
The rat bites you but does no damage.
You barely miss the orc.
The orc is severely wounded.
The orc hits you but does no damage. The rat bites you. The worm bites you.
You closely miss the orc.
The orc is severely wounded.
The orc hits you but does no damage. The rat barely misses you.
You hit the orc.
You kill the orc!
The rat barely misses you.
You hit the worm. Your claw misses the worm.
The worm is moderately wounded.
The rat bites you. The rat bites you but does no damage.
You barely miss the worm.
The worm is moderately wounded.
The worm bites you but does no damage. The rat barely misses you.
The rat bites you but does no damage.
You barely miss the worm.
The worm is lightly wounded.
The orc priest looks satisfied for a moment.
The rat bites you but does no damage. x2; The worm bites you but does no damage.
You hit the worm but do no damage.
The worm is lightly wounded.
The rat bites you but does no damage. x2
You barely miss the worm.
The worm is lightly wounded.
The rat bites you but does no damage. The rat barely misses you.
The worm bites you!
2712 ||| READING scroll of teleportation.
As you read the scroll of teleportation, it crumbles to dust.
You feel strangely unstable.
The rat barely misses you. x2; The worm bites you but does no damage.
You hit the worm.
The worm is moderately wounded.
The rat bites you but does no damage. The rat bites you.
You hit the worm but do no damage.
The worm is moderately wounded.
The rat bites you but does no damage. x2; The worm bites you!
You die...

~~
##########~~#
#@rw.......~.~
#wro..........
#w)............
#...........#.#
#...........$.
#...........#
+...........#
#...........#
#...........#


You could see 3 worms, an orc priest and 2 rats.

Vanquished Creatures
  2 adders (D:2)
  A worm (D:3)
  2 orcs (D:3)
  5 endoplasms (D:1)
  A giant cockroach (D:1)
  2 goblins
  2 hobgoblins (D:1)
  5 jackals
  4 ball pythons
  4 bats
  2 frilled lizards (D:2)
  4 kobolds
  A rat (D:1)
35 creatures vanquished.

Vanquished Creatures (collateral kills)
  3 endoplasms (D:1)
  A hobgoblin (D:1)
  A ball python (D:1)
  A frilled lizard (D:1)
  2 rats (D:1)
8 creatures vanquished.

Grand Total: 43 creatures vanquished

Notes
Turn   | Place    | Note
-------+----------+-------------------------------------------
     0 | D:1      | qw the Ghoul Summoner began the quest for the Orb.
     0 | D:1      | Reached XP level 1. HP: 14/14 MP: 2/2
     0 | D:1      | 0 ||| qw: Version: 0.1-a-113-g051387a
     0 | D:1      | 0 ||| qw: Game counter: 6923
     0 | D:1      | 0 ||| qw: Always use a shield: true
     0 | D:1      | 0 ||| qw: God list: Okawaru
     0 | D:1      | 0 ||| qw: Allow faded altars: false
     0 | D:1      | 0 ||| qw: Do Orc after D:15 true
     0 | D:1      | 0 ||| qw: Do second Lair branch before Depths: true
     0 | D:1      | 0 ||| qw: Lair rune preference: random
     0 | D:1      | 0 ||| qw: Plans: Normal
     0 | D:1      | 0 ||| PLANNING D:1-11
    15 | D:1      | 15 ||| CASTING Summon Small Mammal
    16 | D:1      | 16 ||| CASTING Summon Small Mammal
   110 | D:1      | 110 ||| Wielding weapon +0 spear.
   130 | D:1      | 130 ||| CASTING Summon Small Mammal
   131 | D:1      | 131 ||| CASTING Summon Small Mammal
   157 | D:1      | 157 ||| CASTING Summon Small Mammal
   158 | D:1      | 158 ||| CASTING Summon Small Mammal
   198 | D:1      | 198 ||| CASTING Summon Small Mammal
   200 | D:1      | 200 ||| CASTING Summon Small Mammal
   243 | D:1      | 243 ||| CASTING Summon Small Mammal
   244 | D:1      | 244 ||| CASTING Summon Small Mammal
   321 | D:1      | 321 ||| CASTING Summon Small Mammal
   322 | D:1      | 322 ||| CASTING Summon Small Mammal
   334 | D:1      | 334 ||| CASTING Summon Small Mammal
   336 | D:1      | Reached skill level 1 in Axes
   359 | D:1      | 359 ||| CASTING Summon Small Mammal
   360 | D:1      | 360 ||| CASTING Summon Small Mammal
   385 | D:1      | 385 ||| CASTING Summon Small Mammal
   386 | D:1      | 386 ||| CASTING Summon Small Mammal
   391 | D:1      | Reached XP level 2. HP: 22/22 MP: 0/3
   432 | D:1      | 432 ||| CASTING Summon Small Mammal
   433 | D:1      | 433 ||| CASTING Summon Small Mammal
   434 | D:1      | 434 ||| Stepping ~*~*~tactically~*~*~ (stealth).
   435 | D:1      | 435 ||| CASTING Summon Small Mammal
   437 | D:1      | Reached skill level 1 in Fighting
   442 | D:1      | 442 ||| Stepping ~*~*~tactically~*~*~ (outnumbered).
   483 | D:1      | 483 ||| CASTING Summon Small Mammal
   484 | D:1      | 484 ||| Stepping ~*~*~tactically~*~*~ (stealth).
   486 | D:1      | 486 ||| Stepping ~*~*~tactically~*~*~ (stealth).
   487 | D:1      | 487 ||| CASTING Summon Small Mammal
   488 | D:1      | 488 ||| CASTING Summon Small Mammal
   489 | D:1      | 489 ||| Stepping ~*~*~tactically~*~*~ (outnumbered).
   492 | D:1      | 492 ||| Stepping ~*~*~tactically~*~*~ (outnumbered).
   495 | D:1      | 495 ||| CASTING Summon Small Mammal
   499 | D:1      | 499 ||| Stepping ~*~*~tactically~*~*~ (outnumbered).
   507 | D:1      | 507 ||| CASTING Summon Small Mammal
   519 | D:1      | 519 ||| CASTING Summon Small Mammal
   814 | D:1      | 814 ||| CASTING Summon Small Mammal
   815 | D:1      | 815 ||| CASTING Summon Small Mammal
   816 | D:1      | 816 ||| CASTING Summon Small Mammal
   880 | D:1      | 880 ||| CASTING Summon Small Mammal
   881 | D:1      | 881 ||| CASTING Summon Small Mammal
   882 | D:1      | 882 ||| CASTING Summon Small Mammal
   926 | D:1      | 926 ||| CASTING Summon Small Mammal
   927 | D:1      | 927 ||| CASTING Summon Small Mammal
   928 | D:1      | 928 ||| CASTING Summon Small Mammal
   961 | D:1      | 961 ||| CASTING Summon Small Mammal
   962 | D:1      | 962 ||| CASTING Summon Small Mammal
   964 | D:1      | 964 ||| CASTING Summon Small Mammal
  1022 | D:1      | 1022 ||| CASTING Summon Small Mammal
  1023 | D:1      | 1023 ||| CASTING Summon Small Mammal
  1024 | D:1      | 1024 ||| CASTING Summon Small Mammal
  1035 | D:1      | 1035 ||| CASTING Summon Small Mammal
  1040 | D:1      | Reached XP level 3. HP: 27/28 MP: 0/4
  1046 | D:1      | 1046 ||| CASTING Summon Small Mammal
  1057 | D:1      | 1057 ||| CASTING Summon Small Mammal
  1068 | D:1      | 1068 ||| CASTING Summon Small Mammal
  1340 | D:1      | 1340 ||| CASTING Summon Small Mammal
  1341 | D:1      | 1341 ||| CASTING Summon Small Mammal
  1342 | D:1      | 1342 ||| CASTING Summon Small Mammal
  1343 | D:1      | 1343 ||| CASTING Summon Small Mammal
  1489 | D:1      | 1489 ||| CASTING Summon Small Mammal
  1490 | D:1      | 1490 ||| CASTING Summon Small Mammal
  1491 | D:1      | 1491 ||| CASTING Summon Small Mammal
  1492 | D:1      | 1492 ||| CASTING Summon Small Mammal
  1548 | D:1      | 1548 ||| UPGRADING to +0 ring mail.
  1558 | D:1      | 1558 ||| DROPPING +0 robe.
  1559 | D:1      | 1559 ||| UPGRADING to +0 plate armour.
  1569 | D:1      | 1569 ||| DROPPING +0 ring mail.
  1570 | D:1      | 1570 ||| DROPPING ring of wizardry.
  1571 | D:1      | 1571 ||| READING scroll labelled ADUYTEILER.
  1575 | D:1      | 1575 ||| READING 3 scrolls labelled LOEDU JAIFISU.
  1576 | D:1      | 1576 ||| READING scroll labelled BAT OGAACKIOTI.
  1577 | D:1      | 1577 ||| READING scroll labelled ODOUSTRI ABE.
  1578 | D:1      | 1578 ||| DRINKING 2 yellow potions.
  1579 | D:1      | 1579 ||| READING 2 scrolls of identify.
  1579 | D:1      | 1579 ||| IDENTIFYING brown potion
  1580 | D:1      | 1580 ||| DROPPING potion of magic.
  1581 | D:1      | 1581 ||| DROPPING potion of flight.
  1648 | D:2      | 1648 ||| Stepping ~*~*~tactically~*~*~ (stealth).
  2067 | D:2      | Reached skill level 1 in Armour
  2250 | D:2      | Reached XP level 4. HP: 33/36 MP: 5/5
  2584 | D:2      | 2584 ||| READING scroll labelled NIQ XINOVO.
  2585 | D:2      | 2585 ||| READING 2 scrolls of identify.
  2585 | D:2      | 2585 ||| IDENTIFYING sedimented clear potion
  2586 | D:2      | 2586 ||| DROPPING potion of lignification.
  2605 | D:3      | 2605 ||| PLANNING SEWER
  2609 | D:3      | 2609 ||| Stepping ~*~*~tactically~*~*~ (reaching).
  2610 | D:3      | 2610 ||| Stepping ~*~*~tactically~*~*~ (reaching).
  2612 | D:3      | 2612 ||| Stepping ~*~*~tactically~*~*~ (reaching).
  2614 | D:3      | 2614 ||| Stepping ~*~*~tactically~*~*~ (reaching).
  2615 | D:3      | 2615 ||| Stepping ~*~*~tactically~*~*~ (reaching).
  2617 | D:3      | 2617 ||| Stepping ~*~*~tactically~*~*~ (reaching).
  2619 | D:3      | 2619 ||| Stepping ~*~*~tactically~*~*~ (reaching).
  2620 | D:3      | 2620 ||| Stepping ~*~*~tactically~*~*~ (reaching).
  2622 | D:3      | 2622 ||| Stepping ~*~*~tactically~*~*~ (reaching).
  2623 | D:3      | 2623 ||| Stepping ~*~*~tactically~*~*~ (reaching).
  2625 | D:3      | 2625 ||| Stepping ~*~*~tactically~*~*~ (reaching).
  2627 | D:3      | 2627 ||| Stepping ~*~*~tactically~*~*~ (reaching).
  2628 | D:3      | 2628 ||| Stepping ~*~*~tactically~*~*~ (reaching).
  2630 | D:3      | 2630 ||| Stepping ~*~*~tactically~*~*~ (reaching).
  2631 | D:3      | 2631 ||| Stepping ~*~*~tactically~*~*~ (reaching).
  2633 | D:3      | 2633 ||| Stepping ~*~*~tactically~*~*~ (reaching).
  2635 | D:3      | 2635 ||| Stepping ~*~*~tactically~*~*~ (reaching).
  2636 | D:3      | 2636 ||| Stepping ~*~*~tactically~*~*~ (reaching).
  2638 | D:3      | 2638 ||| Stepping ~*~*~tactically~*~*~ (reaching).
  2639 | D:3      | 2639 ||| Stepping ~*~*~tactically~*~*~ (reaching).
  2641 | D:3      | 2641 ||| Stepping ~*~*~tactically~*~*~ (reaching).
  2643 | D:3      | 2643 ||| Stepping ~*~*~tactically~*~*~ (reaching).
  2644 | D:3      | 2644 ||| Stepping ~*~*~tactically~*~*~ (reaching).
  2646 | D:3      | 2646 ||| Stepping ~*~*~tactically~*~*~ (reaching).
  2648 | D:3      | 2648 ||| Stepping ~*~*~tactically~*~*~ (reaching).
  2649 | D:3      | 2649 ||| Stepping ~*~*~tactically~*~*~ (reaching).
  2651 | D:3      | 2651 ||| Stepping ~*~*~tactically~*~*~ (reaching).
  2652 | D:3      | 2652 ||| Stepping ~*~*~tactically~*~*~ (reaching).
  2654 | D:3      | 2654 ||| Stepping ~*~*~tactically~*~*~ (reaching).
  2656 | D:3      | 2656 ||| Stepping ~*~*~tactically~*~*~ (reaching).
  2657 | D:3      | 2657 ||| Stepping ~*~*~tactically~*~*~ (reaching).
  2659 | D:3      | 2659 ||| Stepping ~*~*~tactically~*~*~ (reaching).
  2688 | D:3      | 2688 ||| Stepping ~*~*~tactically~*~*~ (outnumbered).
  2689 | D:3      | 2689 ||| Stepping ~*~*~tactically~*~*~ (outnumbered).
  2690 | D:3      | 2690 ||| Stepping ~*~*~tactically~*~*~ (outnumbered).
  2691 | D:3      | 2691 ||| Stepping ~*~*~tactically~*~*~ (outnumbered).
  2692 | D:3      | 2692 ||| Stepping ~*~*~tactically~*~*~ (outnumbered).
  2693 | D:3      | 2693 ||| Stepping ~*~*~tactically~*~*~ (outnumbered).
  2699 | D:3      | 2699 ||| Stepping ~*~*~tactically~*~*~ (outnumbered).
  2700 | D:3      | 2700 ||| Stepping ~*~*~tactically~*~*~ (outnumbered).
  2711 | D:3      | HP: 8/36 [worm (9)]
  2712 | D:3      | 2712 ||| READING scroll of teleportation.
  2714 | D:3      | Slain by a worm

Levels and vault maps discovered:
D:1:      pf_arrival_petrified_forest, layout_loops_ring, minmay_heptomino_o4
D:2:      layout_basic
D:3:      layout_basic, lightli_sewer_entry_pipes, serial_shops,
          nicolae_shop_behind_doors

Skill      XL: |  1  2  3 |
---------------+----------+-----
Axes           | 1 2 |  2.1
Fighting       | 1 2 |  2.1
Armour         | 1 |  1.2
Dodging        | |  1.7
Stealth        | |  2.1
Spellcasting   | |  1.7
Summonings     | |  3.6

Action                   |  1- 3 |  4- 6 || total
-------------------------+-------+-------++-------
Melee: Spear             |   161 |    50 ||   211
       Unarmed           |     5 |       ||     5
       Punch             |     1 |       ||     1
 Cast: Summon Small Mamm |    48 |       ||    48
  Use: Scroll            |     5 |     3 ||     8
       Potion            |     1 |       ||     1
Armor: Robe              |    24 |       ||    24
       Plate armour      |    55 |    39 ||    94
Dodge: Dodged            |    66 |     8 ||    74

Table legend:
 A = Non-vault XP
 B = Vault XP
 C = Vault XP percentage of total XP
 D = Non-vault monster count
 E = Vault monster count
 F = Vault count percentage of total count
                 A         B        C        D         E       F
            +---------+---------+-------+---------+---------+-------
      Total |      95 |       6 |   5.9 |      40 |       3 |   7.0
            +---------+---------+-------+---------+---------+-------
        D:1 |      38 |       6 |  13.6 |      24 |       3 |  11.1
        D:2 |      46 |       0 |   0.0 |      13 |       0 |   0.0
        D:3 |      11 |       0 |   0.0 |       3 |       0 |   0.0
            +---------+---------+-------+---------+---------+-------
